 Dungeon Crawl Stone Soup version 0.25-b1-46-gb8a1ec05df (webtiles) character file.

Game seed: 15289677168656306679

400 GenChuck the Magician (level 6, 0/46 HPs)
             Began as a Draconian Wanderer on June 10, 2020.
             Slain by a killer bee zombie (6 damage)
             ... on level 6 of the Dungeon.
             The game lasted 00:35:56 (5075 turns).

GenChuck the Magician (Draconian Wanderer)          Turns: 5075, Time: 00:35:56

Health: 0/46       AC:  7    Str: 15    XL:     6   Next: 54%
Magic:  10/15      EV: 11    Int: 13    God:
Gold:   207        SH:  0    Dex: 11    Spells: 15/17 levels left

rFire    . . .     SeeInvis .   s - +4 dagger (vamp)
rCold    . . .     Gourm    .   (no shield)
rNeg     . . .     Faith    +   (armour unavailable)
rPois    .         Spirit   .   (helmet restricted)
rElec    .         Reflect  .   x - +0 cloak
rCorr    .         Harm     .   (no gloves)
MR       .....                  (no boots)
Stlth    ++........             q - amulet of faith
HPRegen  0.15/turn              h - ring of stealth
MPRegen  0.14/turn              (no ring)

@: lethally poisoned (0 -> -3), very slightly contaminated
A: unfitting armour, cold-blooded, AC +6
a: no special abilities


You were on level 6 of the Dungeon.
You were not hungry.

You visited 1 branch of the dungeon, and saw 6 of its levels.

You collected 207 gold pieces.

Inventory:

Hand Weapons
 a - a +2 dagger
 n - a +2 dagger of draining
 s - a +4 vampiric dagger (weapon)
 t - a +2 dagger of electrocution
Missiles
 u - 3 curare-tipped darts (quivered)
 v - 4 poisoned darts
Armour
 x - a +0 cloak (worn)
Jewellery
 h - a ring of stealth (left hand)
 q - an amulet of faith (around neck)
Scrolls
 b - a scroll of noise {unknown}
 d - a scroll of enchant weapon {unknown}
 i - a scroll of identify
 j - a scroll of fog
 k - 3 scrolls of teleportation
 l - a scroll of immolation {unknown}
 r - a scroll of remove curse
 y - a scroll of blinking {unknown}
Potions
 c - 3 potions of mutation
 e - 3 potions of curing
 g - a potion of cancellation {unknown}
 m - a potion of degeneration {unknown}
 o - a potion of haste {unknown}
 p - a potion of invisibility {unknown}
 z - a potion of resistance {unknown}
Comestibles
 f - 4 rations
 w - 4 chunks of flesh


   Skills:
 + Level 0.5 Fighting
 * Level 1.2 Short Blades
 + Level 1.8 Throwing
 + Level 0.6 Dodging
 + Level 0.7 Stealth
 + Level 6.0 Spellcasting
 + Level 2.1 Conjurations
 + Level 0.1 Summonings
   Level 3.0 Translocations
 * Level 3.1 Fire Magic


You had 15 spell levels left.
You knew the following spells:

 Your Spells              Type           Power        Failure   Level  Hunger
a - Foxfire               Conj/Fire      ##..         6%          1    None
b - Summon Small Mammal   Summ           #...         16%         1    None

Your spell library contained the following spells:

 Spells                   Type           Power        Failure   Level  Hunger
 Apportation              Tloc           ##....       4%          1    None
 Lesser Beckoning         Tloc           ##........   14%         3    ###....
 Animate Skeleton         Necr           N/A          17%         1    None
 Corona                   Hex            #......      17%         1    None
 Conjure Flame            Conj/Fire      ##......     17%         3    ###....


Dungeon Overview and Level Annotations

Branches:
Dungeon (7/15)
 Temple: D:4-7

Altars:
Ashenzari

Annotations:
D:4 Natasha


Innate Abilities, Weirdness & Mutations

Your plain brown scales are hard. (AC +6)
You cannot fit into any form of body armour.
You are cold-blooded and may be slowed by cold attacks.


Message History

You feel better.
The foxfire hits the quokka.
You kill the quokka!
The foxfire hits the adder.
The adder is heavily wounded.
The adder closely misses you.
The killer bee zombie hits you but does no damage.
The orc warrior hits you with a +0 scimitar.
* * * LOW HITPOINT WARNING * * *
You hit the orc warrior.
You feel better.
The orc warrior is moderately wounded.
The adder bites you.
* * * LOW HITPOINT WARNING * * *
You are poisoned.
The adder poisons you! The killer bee zombie hits you.
* * * LOW HITPOINT WARNING * * *
The adder bites you but does no damage.
You feel sick. The killer bee zombie hits you.
* * * LOW HITPOINT WARNING * * *
The orc warrior completely misses you. The killer bee zombie hits you.
You die...

##########
#.........
#S@.......
+...oZ######.
#.#...# ..
#...# . #...#
#...# .....
#..#..


You could see an orc warrior, an adder and a killer bee zombie.

Vanquished Creatures
  An orc priest (D:3)
  6 orc wizards
  2 worker ants
  5 adders
  4 worms
  3 dart slugs
  2 leopard geckos
  14 orcs
  A giant cockroach (D:1)
  10 goblins
  7 hobgoblins
  7 jackals
  5 kobolds
  2 quokkas
  A ball python (D:3)
  10 bats
  2 frilled lizards
  5 rats
87 creatures vanquished.

Vanquished Creatures (collateral kills)
  2 frilled lizards
2 creatures vanquished.

Vanquished Creatures (others)
  An orc wizard (D:3)
  269 foxfires
270 creatures vanquished.

Grand Total: 359 creatures vanquished

Notes
Turn   | Place    | Note
-------+----------+-------------------------------------------
     0 | D:1      | GenChuck the Draconian Wanderer began the quest for the
                  | Orb.
     0 | D:1      | GenChuck set off with the following items: a +2 dagger, 3
                  | curare-tipped darts, a ration; and the following spells
                  | available to memorise: Apportation, Foxfire, Lesser
                  | Beckoning, Conjure Flame
     0 | D:1      | Reached XP level 1. HP: 14/14 MP: 5/5
     2 | D:1      | Learned a level 1 spell: Foxfire
   157 | D:1      | Reached XP level 2. HP: 16/20 MP: 0/7
   237 | D:1      | Found a shattered altar of Ashenzari.
  1148 | D:2      | Reached XP level 3. HP: 26/26 MP: 3/9
  1328 | D:2      | Learned a level 1 spell: Summon Small Mammal
  2729 | D:3      | Reached skill level 5 in Spellcasting
  2729 | D:3      | Reached XP level 4. HP: 29/33 MP: 6/11
  2861 | D:3      | Reached skill level 1 in Conjurations
  2866 | D:3      | Reached XP level 5. HP: 21/38 MP: 0/12
  3747 | D:4      | Noticed Natasha
  3755 | D:3      | Reached skill level 1 in Short Blades
  3763 | D:3      | Reached XP level 6. HP: 22/46 MP: 7/14
  4750 | D:4      | You fall into a shaft and drop 3 floors!
  4769 | D:6      | Noticed an orc warrior
  5067 | D:6      | Reached skill level 6 in Spellcasting
  5075 | D:6      | Slain by a killer bee zombie

Illustrated notes

Levels and vault maps discovered:
D:1:      dpeg_arrival_subterranean_lakeside_camping, layout_loops_ring,
          minmay_stone_trees_small, evilmike_ruin_ashenzari
D:2:      layout_basic, first_ration
D:3:      layout_basic, cheibrodos_sewer_entry_sluice
D:4:      layout_cave_pools, grunt_gozag_statues, lemuel_coloured_pillars_altar,
          uniq_edmund, uniq_robin, uniq_natasha
D:6:      layout_basic, kennysheep_mini, nicolae_overflow_hidden_temple,
          uniq_sigmund, uniq_grinder, uniq_pikel
D:7:      layout_loops_cross, minmay_temple_entry_statues_fountains

Skill      XL: |  1  2  3  4  5  6 |
---------------+-------------------+-----
Spellcasting   | 5 6 |  6.0
Conjurations   | 1 2 |  2.1
Fire Magic     | 2 3 |  3.1
Short Blades   | 1 |  1.2
Fighting       | |  0.5
Throwing       | |  1.8
Dodging        | |  0.6
Stealth        | |  0.7
Summonings     | |  0.1
Translocations | |  3.0

Action                   |  1- 3 |  4- 6 || total
-------------------------+-------+-------++-------
Melee: Dagger            |    57 |    65 ||   122
       Tailslap          |     6 |     9 ||    15
Throw: Dart              |       |     3 ||     3
 Cast: Foxfire           |    86 |    93 ||   179
       Summon Small Mamm |     6 |     2 ||     8
  Use: Scroll            |       |     5 ||     5
       Potion            |       |     2 ||     2
  Eat: Ration            |     2 |     1 ||     3
       Chunk             |       |     4 ||     4
Armor: Skin              |    32 |    33 ||    65
Dodge: Dodged            |    49 |    53 ||   102
